Map: Desvio para o Azul LE

Players

Vicster

  • Race: Terran Terran
  • League: Gold
  • Spawn Location: 1:00

VOD

Have the link to the VOD?

Description

Time

  • Played on: Jan. 6, 2019, 2:36 p.m.
  • Length: 12:21
Show
View Real Time Build Order
Export as new Build Order

Vicster Terran 

Build Orders:  

Get SALT Encoding   

  12  0:02  SCV  
  13  0:19  SCV  
  14  0:26  Supply Depot  
  14  0:36  SCV  
  15  0:56  SCV  
  15  0:58  Barracks  
  16  1:13  SCV  
  16  1:15  Refinery  
  17  1:30  SCV  
  18  1:47  SCV  
  19  2:04  Orbital Command  
  19  2:20  Command Center  
  19  2:26  Marine  
  20  2:48  SCV  
  21  2:50  Factory  
  21  2:51  Refinery  
  21  3:04  SCV  
  22  3:16  Barracks Tech Lab  
  22  3:21  SCV  
  22  3:23  Supply Depot  
  23  3:46  SCV  
  23  4:00  Orbital Command  
  23  4:03  SCV  
  24  4:12  Bunker  
  24  4:19  Engineering Bay  
  24  4:20  SCV  
  25  4:37  SCV, Siege Tank  
  29  4:47  Factory  
  29  4:54  SCV  
  29  4:55  Factory  
  29  4:57  Supply Depot  
  30  5:01  SCV  
  31  5:15  Missile Turret  
  31  5:20  Missile Turret  
  31  5:22  SCV  
  31  5:24  SCV  
  33  5:34  Supply Depot  
  33  5:41  SCV  
  33  5:42  SCV  
  35  5:51  Factory Reactor  
  35  5:55  Factory Reactor  
  35  5:57  Siege Tank  
  35  5:58  SCV  
  39  6:11  Refinery  
  39  6:12  SCV  
  39  6:13  Refinery  
  39  6:15  SCV  
  41  6:29  SCV  
  42  6:30  Armory  
  42  6:31  SCV  
  42  6:37  Armory  
  43  6:48  SCV  
  44  6:53  Command Center  
  44  7:00  SCV  
  44  7:05  SCV, Hellion  
  47  7:11  Hellion  
  47  7:17  SCV  
  43  7:39  Orbital Command  
  36  8:05  Siege Tank  
  36  8:08  Hellion x3  
  45  8:47  Barracks  
  45  8:54  Siege Tank  
  48  9:24  SCV x3  
  48  9:28  Terran Vehicle Weapons Level 1  
  48  9:29  Terran Vehicle And Ship Armor Level 1  
  51  9:41  SCV x3  
  51  9:42  Siege Tank  
  54  9:56  Hellion x2  
  54  9:57  Hellion  
  54  9:58  SCV  
  61  10:07  Supply Depot, Orbital Command  
  61  10:11  Supply Depot  
  61  10:37  SCV x2, Hellion, Siege Tank  
  68  10:51  Supply Depot  
  68  10:52  Factory  
  68  10:54  SCV, Supply Depot  
  69  11:04  Factory  
  69  11:15  Command Center  
  69  11:16  Orbital Command  
  69  11:22  Siege Tank  
  69  11:29  Hellion x2  
  72  11:32  SCV x2  
  74  11:55  Refinery  
  74  12:00  Refinery  
  74  12:02  Supply Depot  
Tags
 
Add a new tag
Caveats
  • Supply blocks, unpowered buildings, or Contaminate may cause inaccurate times.
  • Supply counts are checked every 10 seconds.